 Dungeon Crawl Stone Soup version 0.32-a0-534-ga61f84b8bd (webtiles) character file.

Game seed: 10149378910335586107

9222 flt the Carver (level 11, 0/87 HPs)
             Began as a Coglin Gladiator on Feb 28, 2024.
             Was a Priest of Beogh.
             Succumbed to Benkei's poison
             ... on level 11 of the Dungeon.
             The game lasted 00:22:39 (13341 turns).

flt the Carver (Coglin Gladiator)                  Turns: 13341, Time: 00:22:39

Health: 0/87       AC:  6    Str: 19    XL:     11   Next: 43%
Magic:  12/12      EV: 16    Int: 10    God:    Beogh [***...]
Gold:   795        SH:  0    Dex: 16    Spells: 10/10 levels left

rFire   . . .        s - +7 short sword "Ewenu" {venom, Will+ rCorr Int+3}
rCold   . . .        v - +3 hand axe (flame) {Chinhae}
rNeg    + . .        o - +2 robe {rN+}
rPois   .            c - +0 helmet
rElec   .            w - scarf {+Inv}
rCorr   +            n - +0 pair of gloves
SInv    .            (no boots)
Will    +....        (no amulet)
Stlth   +            (ring unavailable)
HPRegen 0.34/turn    (ring unavailable)
MPRegen 0.13/turn

%: no passive effects
@: lethally poisoned (0 -> -16), studying Spellcasting, revved
A: off-hand wielding, slow wielding, warmup strikes, no rings
a: Renounce Religion, Evoke Invisibility, Smiting, Recall Apostles, Recruit
Benkei, Dismiss Boghold, priest


You were on level 11 of the Dungeon.
You worshipped Beogh.
Beogh was most pleased with you.
You visited 2 branches of the dungeon, and saw 12 of its levels.

You collected 795 gold pieces.

Inventory:

Hand Weapons
 a - a +0 long sword of freezing {Xiang}
 s - the +7 short sword "Ewenu" (weapon) {venom, Will+ rCorr Int+3}
   (You took it off a kobold on level 2 of the Dungeon)

   Int+3:     It affects your intelligence (+3).
   Will+:     It increases your willpower.
   rCorr:     It protects you from acid and corrosion.
 v - a +3 hand axe of flaming (offhand) {Chinhae}
 E - a +2 whip of electrocution
 F - a +2 war axe of draining
 I - a +3 long sword
 K - a +2 war axe of freezing
 S - a +2 shortbow of freezing
Missiles
 d - 5 throwing nets (quivered)
 e - a javelin
 N - 8 curare-tipped darts
 O - 44 poisoned darts
Armour
 c - a +0 helmet (worn)
 n - a +0 pair of gloves (worn)
 o - a +2 robe of positive energy (worn)
 w - a scarf of invisibility (worn)
Talismans
 C - a dragon-blood talisman
Wands
 u - a wand of paralysis (4)
 y - a wand of flame (56)
 J - a wand of mindburst (5)
 L - a wand of polymorph (6)
Scrolls
 g - 4 scrolls of teleportation
 j - 4 scrolls of immolation
 k - 2 scrolls of noise
 l - a scroll of vulnerability
 m - a scroll of fear
 x - 2 scrolls of poison
 H - 4 scrolls of fog
 Q - 2 scrolls of butterflies
Potions
 f - a potion of degeneration
 i - 2 potions of attraction
 p - 3 potions of berserk rage
 q - 3 potions of lignification
 t - 2 potions of enlightenment
 z - a potion of mutation
 A - 4 potions of haste
 B - a potion of resistance {unknown}
 G - a potion of might {unknown}
 M - a potion of ambrosia {unknown}


   Skills:
 + Level 8.5 Fighting
 - Level 8.8(10.2) Short Blades
 + Level 8.9(10.8) Long Blades
 - Level 0.2 Axes
 - Level 2.0 Throwing
 + Level 8.1 Dodging
 * Level 2.4 Invocations


You had 10 spell levels left.
You didn't know any spells.
Your spell library contained the following spells:

 Spells                   Type           Power      Damage    Failure   Level
 Sandblast                Erth           0%         2d4       36%         1
 Sting                    Conj/Alch      0%         1d3       36%         1
 Summon Small Mammal      Summ           0%         N/A       36%         1
 Ensorcelled Hibernation  Hex/Ice        0%         N/A       50%         2
 Mercury Vapours          Alch/Air       0%         N/A       50%         2
 Call Canine Familiar     Summ           0%         N/A       75%         3
 Passwall                 Erth           0%         N/A       75%         3
 Sigil of Binding         Hex            0%         N/A       75%         3
 Stone Arrow              Conj/Erth      0%         3d7       75%         3
 Swiftness                Air            0%         N/A       75%         3
 Brom's Barrelling Bould  Conj/Erth      0%         2d3       98%         4
 Dimensional Bullseye     Hex/Tloc       0%         N/A       98%         4
 Olgreb's Toxic Radiance  Alch           0%         N/A       98%         4
 Summon Blazeheart Golem  Fire/Summ      0%         N/A       98%         4


Dungeon Overview and Level Annotations

Branches:
Dungeon (11/15)            Temple (1/1) D:4            Lair (0/5) D:10
    Orc (0/2) D:9

Altars:
Ashenzari
Cheibriados
Dithmenos
Elyvilon
Fedhas
Gozag
Hepliaklqana
Kikubaaqudgha
Makhleb
Nemelex Xobeh
Okawaru
Qazlal
Ru
Sif Muna
Trog
Uskayaw
Vehumet
Wu Jian
Xom
Yredelemnul
Zin
The Shining One

Annotations:
D:6 1 runed translucent door


Innate Abilities, Weirdness & Mutations

Your facial features look somewhat orcish.
You can wield a second weapon in your off-hand.
It takes a long time for you to wield or remove held weapons.
Your first few attacks do less damage.
Your grasper-arms cannot wear rings.


Message History

You hit Benkei but do no damage.
Benkei looks as sick as possible!
Benkei is severely wounded.
You closely miss Benkei with your +3 hand axe of flaming.
You feel sick.
Benkei hits you with a +4 dagger of venom!
You are more poisoned.
Benkei hits you but does no damage.
You are lethally poisoned!
You closely miss Benkei with the +7 short sword "Ewenu".
Benkei is severely wounded.
You miss Benkei with your +3 hand axe of flaming.
* * * LOW HITPOINT WARNING * * *
You feel extremely sick.
Benkei points at you and mumbles some strange words.
The blast of sand hits you.
* * * LOW HITPOINT WARNING * * *
You barely miss Benkei with your +3 hand axe of flaming.
Benkei is severely wounded.
You hit Benkei but do no damage.
Benkei looks as sick as possible!
* * * LOW HITPOINT WARNING * * *
You feel very sick.
Boghold mumbles some strange prayers to Beogh against Benkei.
Benkei is smitten.
Benkei hits you with a +4 dagger of venom!
* * * LOW HITPOINT WARNING * * *
Okay, then.
You miss Benkei with the +7 short sword "Ewenu".
Benkei is almost dead.
You closely miss Benkei with your +3 hand axe of flaming.
* * * LOW HITPOINT WARNING * * *
You feel very sick.
Benkei points at you and mumbles some strange words.
The blast of sand is repelled.
The blast of sand hits Boghold!
You barely miss Benkei with your +3 hand axe of flaming.
Benkei is almost dead.
You puncture Benkei with the +7 short sword "Ewenu"!
Benkei shouts, "I yield!
You are indeed the chosen one!"
Benkei is no longer moving quickly.
Benkei looks more healthy.
Beogh will allow you to induct Benkei into your service.
You die...

#.## ..# #.# #####'#####
#.........###
#.........'.## ####+###
#..)).....#..# #......#
#.))......##.###......#
###.))......##.o@oo)....+
..'..)......######......#
###.........# #.)....#
#.........# #......#
#.........# #......#
########### ########


You could see the neutral Benkei the orc apostle (ally target), a neutral orc
(wandering) and the friendly Boghold the orc apostle.

Vanquished Creatures
  A two-headed ogre (D:10)
  A kobold demonologist (D:9)
  2 hornets
  A troll (D:9)
  2 wraiths
  A vampire (D:10)
  10 yaks
  A wyvern (D:9)
  2 steam dragons
  2 water moccasins
  4 orc warriors
  A black bear (D:8)
  2 sky beasts
  An ogre (D:7)
  5 centaurs
  3 bullfrogs
  14 kobold brigands (D:9)
  5 gnoll sergeants
  3 scorpions
  9 wights
  A burial acolyte (D:10)
  9 killer bees (D:9)
  2 howler monkeys
  5 hounds
  2 orc priests
  2 gnoll boudas
  A sleepcap (D:6)
  An iguana (D:4)
  Ijyb (D:5)
  5 orc wizards
  15 gnolls
  7 adders
  A white imp (D:7)
  An adder zombie (D:10)
  2 dart slugs (D:2)
  2 ribbon worms (D:4)
  18 orcs
  7 ball pythons
  2 bats (D:1)
  7 endoplasms
  2 giant cockroaches
  8 hobgoblins
  12 jackals
  23 kobolds
  4 quokkas
  3 frilled lizards
  4 goblins
  2 jackal zombies (D:10)
  4 rats
223 creatures vanquished.

Vanquished Creatures (collateral kills)
  2 yaks (D:10)
  A steam dragon (D:10)
  3 acid dragons (D:10)
  A centaur (D:10)
  A kobold brigand (D:11)
  An orc wizard (D:11)
  3 kobolds (D:11)
12 creatures vanquished.

Vanquished Creatures (others)
  An orc wizard (D:6)
  15 orcs
16 creatures vanquished.

Grand Total: 251 creatures vanquished

Notes
Turn   | Place    | Note
-------+----------+-------------------------------------------
     0 | D:1      | flt the Coglin Gladiator began the quest for the Orb.
     0 | D:1      | Reached XP level 1. HP: 16/16 MP: 1/1
   136 | D:1      | Reached XP level 2. HP: 21/22 MP: 2/2
   761 | D:1      | Found a faded altar of an unknown god.
  1014 | D:2      | Reached XP level 3. HP: 28/28 MP: 3/3
  1106 | D:2      | Identified the ring of Xom's Sleight of Hands {Fly AC+4
                  | Str+3}
  1107 | D:2      | Identified the +7 short sword "Ewenu" {venom, Will+ rCorr
                  | Int+3}
  1219 | D:2      | Found an ornate altar of the Wu Jian Council.
  1300 | D:2      | Reached XP level 4. HP: 34/34 MP: 4/4
  1594 | D:3      | Became a worshipper of Beogh the Shepherd
  1655 | D:3      | Found a glowing silver altar of Zin.
  2358 | D:4      | Reached skill level 1 in Short Blades
  2358 | D:4      | Reached XP level 5. HP: 41/41 MP: 5/5
  2364 | D:4      | Found a shimmering blue altar of Sif Muna.
  2599 | D:4      | Found a staircase to the Ecumenical Temple.
  2610 | Temple   | Entered the Ecumenical Temple
  2650 | D:4      | Found a shadowy altar of Dithmenos.
  2777 | D:4      | Reached * piety under Beogh
  2837 | D:4      | Reached XP level 6. HP: 47/47 MP: 6/6
  3140 | D:5      | Entered Level 5 of the Dungeon
  3370 | D:5      | Noticed Ijyb
  3384 | D:5      | Killed Ijyb
  3671 | D:5      | Found a bloodstained altar of Trog.
  3705 | D:5      | Reached XP level 7. HP: 52/53 MP: 7/7
  5146 | D:6      | Reached skill level 5 in Long Blades
  5146 | D:6      | Reached XP level 8. HP: 55/61 MP: 8/8
  5596 | D:6      | Reached skill level 5 in Short Blades
  5686 | D:6      | Found a runed translucent door.
  5806 | D:6      | Found a white marble altar of Elyvilon.
  6300 | D:7      | Reached skill level 5 in Fighting
  6300 | D:7      | Reached skill level 5 in Dodging
  7267 | D:8      | Reached XP level 9. HP: 66/68 MP: 9/9
  7607 | D:8      | Noticed a hornet
  7617 | D:8      | Killed a hornet
  7670 | D:8      | Reached ** piety under Beogh
  8084 | D:8      | Found a sparkling altar of Nemelex Xobeh.
  8104 | D:8      | Found a blossoming altar of Fedhas.
  8412 | D:9      | HP: 3/71 [yak (10)]
  8419 | D:9      | Reached XP level 10. HP: 36/77 MP: 10/10
  9234 | D:9      | Noticed a kobold demonologist
  9246 | D:9      | Killed a kobold demonologist
  9960 | D:9      | Found a staircase to the Orcish Mines.
 10555 | D:9      | HP: 2/80 [gnoll sergeant/+0 spear (3)]
 11016 | D:9      | Reached XP level 11. HP: 67/86 MP: 11/11
 11772 | D:10     | Entered Level 10 of the Dungeon
 11772 | D:10     | Noticed a two-headed ogre
 11781 | D:10     | Killed a two-headed ogre
 11917 | D:10     | Reached *** piety under Beogh
 11958 | D:10     | Noticed Boghold
 11975 | D:10     | Anointed Boghold the priest as your apostle
 12222 | D:10     | Paralysed by a centaur for 4 turns
 12338 | D:10     | Found a staircase to the Lair.
 12420 | D:10     | Found an ancient bone altar of Kikubaaqudgha.
 12506 | D:10     | Reached skill level 1 in Invocations
 12704 | D:10     | Found a stormy altar of Qazlal.
 13046 | D:10     | Found an opulent altar of Gozag.
 13046 | D:10     | Found a snail-covered altar of Cheibriados.
 13176 | D:11     | Noticed a manticore
 13325 | D:11     | Noticed Benkei
 13340 | D:11     | HP: 4/87 [poisoned by Benkei]
 13341 | D:11     | Succumbed to Benkei's poison

Illustrated notes

Levels and vault maps discovered:
D:1:      minmay_arrival_split_and_join, layout_loops_ring,
          hellmonk_ecumenical_altar_prayer_group, hangedman_abyss_or_decor_stabs
D:2:      layout_rooms, basic_altar
D:3:      minmay_door_path, layout_loops_ring, lemuel_round_altar,
          kennysheep_generic_room_10
D:4:      minmay_polygon_palace, layout_loops_cross,
          mainiacjoe_overflow_small_starburst, nicolae_sif_muna_condensation,
          minmay_temple_entry_hall
D:5:      layout_basic, mainiacjoe_overflow_catwalk, corexii_leaking_fountain,
          minmay_misc_feat_x, minivault_25, hangedman_glass_teeth,
          amcnicky_mini_rare_corridor_liquid, nicolae_kite_square_tiling_tiny,
          kennysheep_generic_room_14, uniq_ijyb
D:6:      layout_layer_cave, elyvilon_altar_3, st_stairs_8,
          lightli_church_of_beogh
D:7:      layout_loops_ring, corexii_corridor_pit
D:8:      layout_loops_cross, mainiacjoe_overflow_big_doors
D:9:      layout_roguey [special_room_kobold],
          kennysheep_orc_monster_closet_entryway
D:10:     layout_loops_cross, lemuel_zombie_altar_kikubaaqudgha,
          nicolae_qazlal_scattered_showers, gammafunk_temple_overflow_elements,
          dpeg_oklobed_lair
D:11:     layout_roguey [special_room_orc], portal_ice_cave_entry_pillars_2
Temple:   grunt_temple_mini_profane

Skill      XL: |  1  2  3  4  5  6  7  8  9 10 11 |
---------------+----------------------------------+-----
Throwing       | 2 |  2.0
Dodging        | 3 4 5 6 7 8 |  8.1
Fighting       | 3 4 5 6 7 8 |  8.5
Short Blades   | 1 2 3 4 5 7 8 |  8.8
Long Blades    | 4 5 7 8 |  8.9
Invocations    | 2 |  2.4
Axes           | |  0.2

Action                     |  1- 3 |  4- 6 |  7- 9 | 10-12 || total
---------------------------+-------+-------+-------+-------++-------
  Melee: Long sword        |    74 |       |       |       ||    74
         Short sword       |    42 |    75 |   154 |   293 ||   564
         Trident           |     2 |     5 |       |       ||     7
         Hand axe          |       |    78 |   158 |   292 ||   528
 Invoke: Convert to Beogh  |       |     1 |       |       ||     1
         Smiting           |       |       |       |     3 ||     3
         Recruit Apostle   |       |       |       |     1 ||     1
    Use: Scroll            |       |    12 |     6 |     7 ||    25
         Potion            |       |     1 |     4 |     5 ||    10
   Stab: Sleeping          |     1 |     1 |       |       ||     2
         Distracted        |       |       |       |     1 ||     1
 Armour: Leather armour    |    36 |    18 |       |       ||    54
         Ring mail         |       |    28 |   109 |    27 ||   164
         Robe              |       |       |       |   172 ||   172
  Dodge: Dodged            |    55 |    43 |   112 |   223 ||   433
         Repelled          |     2 |     2 |     1 |     4 ||     9

Table legend: (Time is in decaauts)
 A = Elapsed time spent in this place.
 B = Non-inter-level travel time spent in this place.
 C = Inter-level travel time spent in this place.
 D = Time resting spent in this place.
 E = Time spent auto-exploring this place.
 F = Levels seen in this place.
 G = Mean time per level.
                   A        B        C        D        E       F      G
               +--------+--------+--------+--------+--------+-----+--------+
         Total |  13360 |  12684 |    676 |   2247 |   8296 |  12 | 1113.3 |
       Dungeon |  13359 |  12683 |    676 |   2247 |   8296 |  11 | 1214.5 |
        Temple |      1 |      1 |      0 |      0 |      0 |   1 |    1.0 |
               +--------+--------+--------+--------+--------+-----+--------+

Top non-repeatable levels by time:
     D:9: 2720 daAuts
     D:8: 1809 daAuts
     D:6: 1625 daAuts
    D:10: 1424 daAuts
     D:5: 1405 daAuts
     D:1: 1016 daAuts
     D:7: 962 daAuts
     D:4: 921 daAuts
     D:3: 783 daAuts
     D:2: 554 daAuts
    D:11: 135 daAuts
  Temple: 1 daAuts
